Unix NetHack Version 3.7.0-65 Work-in-progress - last build Sep 24 2022 23:40:33 (a6a924ac23f0a307bc999f217b6a0ee4a8c7bfd4,branch:master). Game began 2022-09-26 10:18:18, ended 2022-09-26 12:52:57. unit327, neutral male human Monk # -------|------- #.......*......| ------ #|.............| ------------ |....| ------- #|.............| |..........| |....| |.....| #------------|-- #+..........| |....| ##....<.| # ## #|........%.| #.....| # |.....| # # ##|..........| #|....-##### |.....| # # # # ---|-------- #------ |.....| ## # 0############ # |.....| --------# ## # ##### # ------- |......|# # # ## # |......|# # ## #### # |....*..# ## # ### ## |...---- --.------------# #### # |.@.| |.............|# --------------|-# |..*| |...........(.|# |..............-# ----- |.**........*.-# |..............| |....{........| |..............| --------------- ---------------- Unit327 the Novice St:16 Dx:15 Co:13 In:11 Wi:11 Ch:9 Neutral Dlvl:5 $:249 HP:0(31) Pw:19(19) AC:4 Xp:4/90 T:1044 Latest messages: You see here a leprechaun corpse. $ - 90 gold pieces (182 in total). You find a hidden door. The door opens. You see here a chest. # In what direction? There is a chest here. Check it for traps? [ynq] (q) You find no traps on the chest. In what direction? Hmmm, the chest turns out to be locked. Unlock it with your key? [ynq] (q) You succeed in unlocking the chest. In what direction? $ - 48 gold pieces (230 in total). c - a scroll labeled VAS CORP BET MANI. # There is an unlocked chest containing 3 items here, tip it? [ynq] (q) Objects spill out: a gray stone, a white gem, a black gem. You have a little trouble lifting an empty unlocked chest. Continue? [ynq] (q) You have a little trouble lifting n - an empty unlocked chest. Your movements are slowed slightly because of your load. What do you want to drop? [$a-npsv-x or ?*] You drop an empty unlocked chest. Your movements are now unencumbered. In what direction? In what direction? In what direction? Thump! You see here a gray stone. # (For instructions type a '?') You see here a stone called LOADSTONE. That door is closed. This door is locked. Unlock it with your key? [ynq] (q) You succeed in unlocking the door. The door opens. $ - 19 gold pieces (249 in total). A trap door in the ceiling opens and a rock falls on your head! The door opens. There is a falling rock trap here. You see here a rock. A trap door in the ceiling opens and a rock falls on your head! A trap door in the ceiling opens and a rock falls on your head! A trap door in the ceiling opens and a rock falls on your head! You die... Inventory: Coins ('$') $ - 249 gold pieces Weapons (')') x - an uncursed +0 spear Armor ('[') a - an uncursed +2 pair of leather gloves (being worn) b - an uncursed +1 robe named pray854 (being worn) Comestibles ('%') h - 6 uncursed apples g - 3 uncursed food rations m - an uncursed food ration j - 3 uncursed fortune cookies i - 7 uncursed oranges l - 2 uncursed lichen corpses Scrolls ('?') d - an uncursed scroll of charging c - an uncursed scroll of scare monster Potions ('!') f - 2 blessed potions of healing e - an uncursed potion of healing v - an uncursed potion of healing w - an uncursed potion of sleeping Wands ('/') k - an uncursed wand of light (0:10) Tools ('(') p - a cursed skeleton key s - an uncursed stethoscope Unit327 the Monk's attributes: Background: You were a Novice, a level 4 male human Monk. You were neutral, on a mission for Chih Sung-tzu who was opposed by Shan Lai Ching (lawful) and Huan Ti (chaotic). You were in the Dungeons of Doom, on level 5. You entered the dungeon 1044 turns ago. There was a new moon in effect when your adventure ended. You had 90 experience points, 70 more were needed to attain level 5. Basics: You had 0 out of 31 hit points. You had all 19 energy points (spell power). Your armor class was 4. Your wallet contained 249 zorkmids. Autopickup was on for '$?!/="+' plus thrown, with exceptions. Final Characteristics: Your strength was 16 (limit:18/100). Your dexterity was 15 (limit:18). Your constitution was 13 (limit:18). Your intelligence was 11 (limit:18). Your wisdom was 11 (limit:18). Your charisma was 9 (limit:18). Final Status: You were not hungry. You were unencumbered. You were empty handed. You had basic skill with martial arts. Final Attributes: You were fervently aligned. You were sleep resistant. You were poison resistant. You saw invisible. You were guarded. You were fast. You are dead. Miscellaneous: You disabled loading of bones levels. Total elapsed playing time was 18 minutes and 56 seconds. Major events: Turn 1: unit327 the neutral male human Monk entered the dungeon 641: attained the rank of Novice (level 3) 1044: killed by a falling rock Vanquished creatures: a leprechaun a straw golem a little dog a coyote a large kobold a giant rat a gnome zombie a jackal a fox a kobold 2 grid bugs 3 lichens 8 newts 23 creatures vanquished. No species were genocided or became extinct. Voluntary challenges: You went without food. You never hit with a wielded weapon. You were illiterate. You never engraved Elbereth. You never genocided any monsters. You never polymorphed an object. You never changed form. You used no wishes. Achievements: You entered a shop. You attained the rank of Novice. The Dungeons of Doom: levels 1 to 5 Level 1: Level 2: Level 3: A general store. Level 4: Level 5: <- You were here. A fountain. Final resting place for you, killed by a falling rock. Game over: ---------- / \ / REST \ / IN \ / PEACE \ / \ | unit327 | | 249 Au | | killed by a | | falling rock | | | | | | 2022 | *| * * * | * _________)/\\_//(\/(/\)/\//\/|_)_______ Goodbye unit327 the Monk... You died in The Dungeons of Doom on dungeon level 5 with 795 points, and 249 pieces of gold, after 1044 moves. You were level 4 with a maximum of 31 hit points when you died.